 Dungeon Crawl Stone Soup version 0.24-a0-130-ga3c21ff (webtiles) character file.

Game seed: 9844487626271129976

419 gruber the Slicer (level 7, -2/41 HPs)
             Began as a Kobold Fighter on Feb 26, 2019.
             Slain by a river rat (8 damage)
             ... on level 4 of the Dungeon.
             The game lasted 00:05:12 (3634 turns).

gruber the Slicer (Kobold Fighter)                  Turns: 3634, Time: 00:05:13

Health: -2/41      AC:  6    Str: 13    XL:     7   Next: 16%
Magic:  7/7        EV:  8    Int:  9    God:
Gold:   171        SH:  9    Dex: 17    Spells: 6/6 levels left

rFire    + . .     SeeInvis .   a - +0 rapier
rCold    + . .     Gourm    .   c - +0 shield
rNeg     . . .     Faith    .   b - +0 scale mail
rPois    +         Spirit   .   (no helmet)
rElec    +         Reflect  .   (no cloak)
rCorr    +         Harm     .   (no gloves)
MR       .....                  (no boots)
Stlth    ..........             i - amulet of magic regeneration
HPRegen  0.13/turn              (no ring)
MPRegen  0.35/turn              (no ring)

@: resistant
A: small, carnivore
a: no special abilities


You were on level 4 of the Dungeon.
You were very hungry.

You visited 1 branch of the dungeon, and saw 4 of its levels.

You collected 171 gold pieces.

Inventory:

Hand Weapons
 a - a +0 rapier (weapon)
Armour
 b - a +0 scale mail (worn)
 c - a +0 shield (worn)
Jewellery
 i - an amulet of magic regeneration (around neck)
 q - an uncursed ring of ice {unknown}
 s - a +6 ring of evasion {unknown}
Scrolls
 d - a scroll of enchant weapon {unknown}
 e - 3 scrolls of identify {unknown}
 j - a scroll of remove curse {unknown}
 k - 3 scrolls of fear {unknown}
 m - a scroll of amnesia {unknown}
 o - 5 scrolls of teleportation {unknown}
 p - a scroll of immolation {unknown}
Potions
 g - a potion of brilliance {unknown}
 h - a potion of flight {unknown}
 l - a potion of mutation {unknown}
 n - a potion of resistance
 r - a potion of curing
 t - a potion of lignification {unknown}
Comestibles
 f - 13 rations


   Skills:
 - Level 3.2 Fighting
 + Level 9.4 Short Blades
 - Level 2.4 Armour
 - Level 2.4 Shields


You had 6 spell levels left.
You didn't know any spells.
Your spell library was empty.

Dungeon Overview and Level Annotations

Branches:
Dungeon (4/15)
 Temple: D:4-7

Altars:


Innate Abilities, Weirdness & Mutations

You are small and have problems with some larger weapons.
You are carnivorous and can eat meat at any time.


Message History

The river rat is almost dead.
You hit the river rat.
You kill the river rat!
You hit the rat.
You kill the rat!
You swing at nothing.
A river rat comes into view.
You swing at nothing.
You swing at nothing.
You swing at nothing.
You swing at nothing.
You swing at nothing.
You swing at nothing.
You swing at nothing.
You closely miss the river rat. You block the river rat's attack.
You closely miss the river rat. The river rat bites you.
* * * LOW HITPOINT WARNING * * *
You barely miss the river rat. You barely miss the river rat.
The river rat bites you!
You die...

#..........# #...
### ##.......# #...
.... #.......# ##+#
.....#.......#
.....#.......#
........####.# .
........# #.# ##
........####.#
..>......@r†.#
........#####≈≈≈≈≈≈
+##.....# ≈#≈#≈
...###.. .≈ ....
#.. .. ... ... ..
.. #... # #.


You could see a river rat.

Vanquished Creatures
  A phantom (D:4)
  A howler monkey (D:4)
  A crimson imp (D:3)
  An orc priest (D:3)
  An orc wizard (D:4)
  Terence (D:3)
  A worker ant (D:4)
  6 adders
  A river rat (D:4)
  2 oozes (D:2)
  3 dart slugs
  11 orcs
  2 ball pythons
  10 bats
  3 giant cockroaches
  5 goblins
  4 hobgoblins
  A kobold (D:1)
  4 quokkas
  3 frilled lizards
  6 rats
68 creatures vanquished.

Notes
Turn   | Place    | Note
-------+----------+-------------------------------------------
     0 | D:1      | gruber the Kobold Fighter began the quest for the Orb.
     0 | D:1      | Reached XP level 1. HP: 14/14 MP: 1/1
    49 | D:1      | Reached skill level 3 in Short Blades
   105 | D:1      | Reached XP level 2. HP: 15/19 MP: 2/2
   774 | D:2      | Reached skill level 4 in Short Blades
   823 | D:2      | Reached XP level 3. HP: 23/23 MP: 3/3
   952 | D:2      | Reached skill level 5 in Short Blades
  1659 | D:3      | Reached XP level 4. HP: 13/28 MP: 4/4
  1970 | D:3      | Noticed Terence
  1999 | D:3      | Killed Terence
  2142 | D:3      | Reached skill level 6 in Short Blades
  2142 | D:3      | Reached XP level 5. HP: 29/32 MP: 5/5
  2511 | D:3      | Reached skill level 7 in Short Blades
  3051 | D:3      | Reached XP level 6. HP: 36/37 MP: 6/6
  3171 | D:3      | Found a faded altar of an unknown god.
  3254 | D:4      | Noticed a phantom
  3385 | D:4      | Reached skill level 8 in Short Blades
  3427 | D:4      | Killed a phantom
  3427 | D:4      | Reached skill level 9 in Short Blades
  3427 | D:4      | Reached XP level 7. HP: 21/41 MP: 7/7
  3634 | D:4      | Slain by a river rat

Levels and vault maps discovered:
D:1:      lemuel_arrival_river_passageway, layout_rooms
D:2:      layout_basic
D:3:      layout_loops_corners, first_ration,
          chequers_ecumenical_altar_simple_redux, minivault_25, uniq_terence
D:4:      layout_basic, old_standard_altar, lightli_sewer_entry_pipes,
          nrook_uturn

Skill      XL: |  1  2  3  4  5  6 |
---------------+-------------------+-----
Short Blades   | 3 4 5 6 7 9 |  9.4
Fighting       | |  3.2
Armour         | |  2.4
Shields        | |  2.4

Action                   |  1- 3 |  4- 6 |  7- 9 || total
-------------------------+-------+-------+-------++-------
Melee: Rapier            |   108 |   214 |    33 ||   355
  Use: Potion            |       |     1 |     2 ||     3
  Eat: Chunk             |     2 |     5 |     1 ||     8
Armor: Scale mail        |    46 |    44 |     7 ||    97
Dodge: Dodged            |    27 |    56 |     5 ||    88
Block: Shield            |    39 |    73 |     9 ||   121

Table legend:
 A = Non-vault XP
 B = Vault XP
 C = Vault XP percentage of total XP
 D = Non-vault monster count
 E = Vault monster count
 F = Vault count percentage of total count
                 A         B        C        D         E       F
            +---------+---------+-------+---------+---------+-------
      Total |     536 |      63 |  10.5 |      64 |       4 |   5.9
            +---------+---------+-------+---------+---------+-------
        D:1 |      14 |       0 |   0.0 |       8 |       0 |   0.0
        D:2 |      52 |       0 |   0.0 |      18 |       0 |   0.0
        D:3 |     183 |      36 |  16.4 |      28 |       1 |   3.4
        D:4 |     287 |      27 |   8.6 |      10 |       3 |  23.1
            +---------+---------+-------+---------+---------+-------
